[Event "Early-Titled-Tuesday-Blitz-April-16-2024"]
[Site "Chess.com"]
[Date "2024.04.16"]
[Round "11"]
[White "ajeale2"]
[Black "vangulio"]
[Result "0-1"]
[WhiteElo "2436"]
[BlackElo "2580"]
[TimeControl "180+1"]
[EndTime "10:11:17 PDT"]
[Termination "vangulio won by resignation"]

1. d4 Nf6 2. Bg5 Ne4 3. Bf4 c5 4. d5 Qb6 5. Bc1 e6 6. f3 Nf6 7. e4 exd5 8. exd5 Qc7 9. c4 Bd6 10. g3 O-O 11. Kf2 Re8 12. Nc3 Be5 13. Bd3 a6 14. Nge2 d6 15. Kg2 b5 16. cxb5 c4 17. b6 Qxb6 18. Bxc4 Nbd7 19. f4 Bxc3 20. Nxc3 Nc5 21.
h3 Qb4 22. Qd4 Bf5 23. a3 Qb7 24. b4 Be4+ 25. Nxe4 Rxe4 26. Qc3 Nxd5 27. Bxd5 Qxd5 28. Kf2 Rxf4+ 29. Bxf4 Ne4+ 30. Ke3 Nxc3 31. Rhc1 Re8+ 32.
Kf2 Re2+ 0-1

[Event "Early-Titled-Tuesday-Blitz-April-16-2024"]
[Site "Chess.com"]
[Date "2024.04.16"]
[Round "11"]
[White "McCarthyStone"]
[Black "DonCiao"]
[Result "0-1"]
[WhiteElo "2378"]
[BlackElo "2084"]
[TimeControl "180+1"]
[EndTime "10:11:17 PDT"]
[Termination "DonCiao won by checkmate"]

1. e4 c5 2. Nf3 Nc6 3. d4 cxd4 4. Nxd4 Nf6 5. Nc3 e5 6. Nf5 d5 7. exd5 Bxf5 8. dxc6 bxc6 9. Bd3 Bxd3 10. Qxd3 Qxd3 11.
cxd3 O-O-O 12. Ke2 Nd5 13. Be3 Nxe3 14. fxe3 f5 15. Rac1 Kb7 16. Na4 Rd5 17. Rc4 Be7 18. Rhc1 Rc8 19. e4 fxe4 20. Rxe4 Rf8 21. Nc3 Ra5 22.
b4 Ra3 23. Rxe5 Bf6 24. Rc5 Bd4 25. Rxc6 Rf2+ 26. Ke1 Rxg2 27. Nb5 Rxd3 28. Nxd4 Rxd4 29. Rc7+ Kb6 30. R1c6+ Kb5 31. Rc5+ Kxb4 32. R5c6 a5 33. Rb7+ Ka4 34. Rcc7 Rb4 35. Rxg7 Rxh2 36. Rxh7 Rxa2 37.
Ra7 Rb1# 0-1

[Event "Early-Titled-Tuesday-Blitz-April-16-2024"]
[Site "Chess.com"]
[Date "2024.04.16"]
[Round "11"]
[White "kripri"]
[Black "GMAneta"]
[Result "1-0"]
[WhiteElo "2389"]
[BlackElo "2530"]
[TimeControl "180+1"]
[EndTime "10:11:18 PDT"]
[Termination "kripri won by resignation"]

1. e4 c5 2. Nf3 Nc6 3. d4 cxd4 4. Nxd4 g6 5. Be3 Bg7 6. c4 Nf6 7. Nc3 Ng4 8. Qxg4 Nxd4 9. Qd1 Ne6 10. Be2 Bxc3+ 11. bxc3 Qa5 12. Qd2 d6 13. O-O Bd7 14.
Bd4 f6 15. Be3 Bc6 16. f3 g5 17.
Rab1 O-O-O 18. Rb2 h5 19. Rfb1 g4 20. fxg4 Bxe4 21.
Bd3 Bxd3 22. Qxd3 Rd7 23. Qe4 Nc5 24. Qf5 hxg4 25. Rb5 Qxc3 26. Bxc5 dxc5 27. Rxb7 Qe3+ 28. Kh1 e6 29. Qxf6 Rhd8 30. Rxd7 Rxd7 31. Qf8+ Kc7 32. Qb8+ Kc6 33. Qb5+ Kd6 34. Rd1+ Qd4 35. Rxd4+ cxd4 36. c5+ Ke7 37. c6 Rc7 38. Qc5+ 1-0

[Event "Early-Titled-Tuesday-Blitz-April-16-2024"]
[Site "Chess.com"]
[Date "2024.04.16"]
[Round "11"]
[White "diamonds13"]
[Black "Sasha_Solovev_777"]
[Result "1-0"]
[WhiteElo "2323"]
[BlackElo "2197"]
[TimeControl "180+1"]
[EndTime "10:11:18 PDT"]
[Termination "diamonds13 won on time"]

1. d4 Nf6 2. c4 g6 3. Nc3 Bg7 4. e4 O-O 5. Bd3 d6 6. Nge2 c5 7. d5 Na6 8. h3 e6 9. O-O exd5 10. exd5 Nc7 11. Bg5 h6 12. Bh4 g5 13. Bg3 a6 14. a4 Rb8 15. Qd2 b5 16. axb5 axb5 17. Ra7 bxc4 18. Bxc4 Bf5 19. Bh2 Re8 20. Ng3 Bg6 21.
Rd1 Ra8 22. Rda1 Rxa7 23. Rxa7 Qb8 24. Ra1 Qb4 25. Ra7 Qb6 26. Ra4 Rb8 27. Nd1 Nd7 28. b3 Ne5 29. Nf1 Ne8 30. Ra6 Qb4 31.
Qxb4 Rxb4 32. Nd2 Rb8 33. Ne3 f5 34. f4 Nd7 35. Ra7 1-0

[Event "Early-Titled-Tuesday-Blitz-April-16-2024"]
[Site "Chess.com"]
[Date "2024.04.16"]
[Round "11"]
[White "LiemLe"]
[Black "TenisMaster"]
[Result "0-1"]
[WhiteElo "3038"]
[BlackElo "2950"]
[TimeControl "180+1"]
[EndTime "10:11:19 PDT"]
[Termination "TenisMaster won by resignation"]

1. c4 e6 2. Nf3 d5 3. g3 Nf6 4.
Bg2 dxc4 5. Qa4+ Nbd7 6. Qxc4 a6 7. Qc2 c5 8. a4 b6 9. O-O Bb7 10. Nc3 Be7 11. Rd1 O-O 12. e4 e5 13. d3 Re8 14. h3 Bf8 15. Be3 Nb8 16. Nd2 Nc6 17. Nc4 Nd4 18. Bxd4 cxd4 19. Ne2 Rc8 20. Qd2 b5 21.
Na5 Ba8 22. axb5 axb5 23. b4 Bd6 24. Rdb1 Rc7 25. Ra2 Qe7 26. h4 Nd7 27. Bh3 Nb6 28. Rc2 Na4 29. Rxc7 Qxc7 30. Rc1 Qe7 31. Qc2 Bxb4 32.
Nc6 Bxc6 33. Qxc6 Nc3 34. Nxc3 dxc3 35. Qxb5 g6 36. Qc4 Kg7 37. Rb1 Rb8 38. Bg4 Qc5 39.
Kf1 Qxc4 40. dxc4 Ba3 0-1

[Event "Early-Titled-Tuesday-Blitz-April-16-2024"]
[Site "Chess.com"]
[Date "2024.04.16"]
[Round "11"]
[White "JonasEilenberg"]
[Black "ContrVersia"]
[Result "0-1"]
[WhiteElo "2633"]
[BlackElo "2879"]
[TimeControl "180+1"]
[EndTime "10:11:25 PDT"]
[Termination "ContrVersia won by resignation"]

1. d4 f5 2. Bf4 Nf6 3. e3 g6 4.
Nf3 Bg7 5. c4 d6 6. Nc3 O-O 7. c5 Nc6 8. Bc4+ Kh8 9. h4 e6 10. Rc1 Qe7 11. cxd6 cxd6 12. Nb5 e5 13. Bg5 h6 14. dxe5 dxe5 15. Qd6 e4 16. Qxe7 Nxe7 17. Ne5 hxg5 18. hxg5+ Nh7 19. Nf7+ Rxf7 20. Bxf7 Be5 21. Nc7 Rb8 22. Ne8 Be6 23. Nf6 Bxf6 24. gxf6 Bxf7 25.
fxe7 Kg7 26. Rc7 Nf6 27. Ke2 Be8 28. Rd1 b5 29. Rxa7 b4 30. Rd4 Kf7 31. Kd2 Rb6 32. Kc2 b3+ 33. axb3 Ke6 34. b4 Nd5 35. Kb3 Nxe7 36. Ra8 Bc6 37. Rad8 Bd5+ 38. Kc3 Rb5 39. Re8 Kf7 40. Rh8 Be6 41. Rdd8 Nd5+ 42. Kd4 Nxb4 43. Rhf8+ Kg7 44. Rfe8 Nc6+ 45. Kc3 Nxd8 46. Rxd8 Kf6 47. b4 Ke5 48. Ra8 Rd5 49. Ra2 Rd3+ 50. Kc2 Bxa2 0-1

[Event "Early-Titled-Tuesday-Blitz-April-16-2024"]
[Site "Chess.com"]
[Date "2024.04.16"]
[Round "11"]
[White "StelaSfw"]
[Black "mapleaff"]
[Result "0-1"]
[WhiteElo "1725"]
[BlackElo "2251"]
[TimeControl "180+1"]
[EndTime "10:11:26 PDT"]
[Termination "mapleaff won on time"]

1. c4 e5 2. Nc3 Nf6 3. g3 c6 4. Bg2 d5 5. cxd5 cxd5 6. d3 Nc6 7. Nf3 Be7 8. O-O O-O 9. Bg5 Be6 10. Qd2 d4 11.
Nd1 h6 12. Bxf6 Bxf6 13. a3 Rc8 14. b4 Ne7 15. Rc1 Qd7 16. Nb2 b5 17. Rxc8 Rxc8 18. Rc1 Nd5 19. Rxc8+ Qxc8 20. Nd1 Qa6 21. Qb2 Qa4 22. Qc1 Qb3 23. Nd2 Qa2 24. Qb2 Nc3 25.
Qxa2 Bxa2 26. Nb2 Nxe2+ 27. Kf1 Nc3 28. Ne4 Nxe4 29. Bxe4 Bg5 30. Ke2 Bc1 31. Nd1 Bxa3 32.
f4 exf4 33. gxf4 Bxb4 34. Bc6 a6 35. Bb7 a5 36. Bc6 Bd6 37. f5 b4 38. Ba4 Bd5 39.
Nb2 Kf8 40. Nc4 Bc7 41. Bb3 Ke7 0-1

[Event "Early-Titled-Tuesday-Blitz-April-16-2024"]
[Site "Chess.com"]
[Date "2024.04.16"]
[Round "11"]
[White "viditchess"]
[Black "Seochesspie"]
[Result "1/2-1/2"]
[WhiteElo "3115"]
[BlackElo "2873"]
[TimeControl "180+1"]
[EndTime "10:11:27 PDT"]
[Termination "Game drawn by repetition"]

1. c4 e6 2. g3 d5 3. Bg2 Nf6 4. Nf3 d4 5. O-O Nc6 6. d3 Bc5 7. Nbd2 O-O 8. Nb3 Be7 9. e3 dxe3 10. Bxe3 a5 11. Nbd4 Bd7 12. Nb5 e5 13. Qe2 Re8 14.
Rfd1 Qc8 15. a3 h6 16. Re1 Bf8 17. Qc2 Nd8 18. Bd2 c6 19. Nc3 Qc7 20. h3 Bf5 21.
Re3 Ne6 22. Rae1 Nd4 23. Nxd4 exd4 24. Rxe8 Rxe8 25. Rxe8 Nxe8 26. Ne2 c5 27. Nf4 Nf6 28. h4 Bd6 29. b4 axb4 30. axb4 cxb4 31. Ne2 Bc5 32. Qb3 Qa5 33. Bxb7 Qa3 34. Nc1 Ng4 35. Bf3 Ne5 36. Be2 Bd7 37. Bd1 Bf5 38. Be2 Bd7 39.
Bd1 Bf5 40. Be2 1/2-1/2

[Event "Early-Titled-Tuesday-Blitz-April-16-2024"]
[Site "Chess.com"]
[Date "2024.04.16"]
[Round "11"]
[White "kekic76"]
[Black "DvaHrasta"]
[Result "0-1"]
[WhiteElo "2337"]
[BlackElo "2463"]
[TimeControl "180+1"]
[EndTime "10:11:29 PDT"]
[Termination "DvaHrasta won by resignation"]

1. c4 e5 2. Nc3 Nf6 3. d3 c6 4. Nf3 d5 5. cxd5 cxd5 6. Nxe5 d4 7. Qa4+ Nc6 8. Bg5 dxc3 9. bxc3 Be7 10. Nxc6 bxc6 11. Qxc6+ Bd7 12. Qc4 O-O 13. g3 Qa5 14.
Bd2 Rac8 15. Qb3 Rb8 16. Qc2 Qd5 17. f3 Rfe8 18. Bg2 Bc5 19. d4 Bb5 20. e4 Bb6 21. Rc1 Rbc8 22. Kd1 Qc4 23. Bf1 Qc6 24. Qb3 Ba4 25.
d5 Qd7 26. Bd3 Bxb3+ 27. axb3 Nxd5 28. exd5 Qxd5 29. Kc2 Rcd8 30. Rhd1 Qxd3+ 31. Kb2 Re2 32. Rc2 Be3 33. Kc1 Bxd2+ 34. Rcxd2 0-1

[Event "Early-Titled-Tuesday-Blitz-April-16-2024"]
[Site "Chess.com"]
[Date "2024.04.16"]
[Round "11"]
[White "David_Arutinian"]
[Black "tetrix83"]
[Result "1-0"]
[WhiteElo "2844"]
[BlackElo "2644"]
[TimeControl "180+1"]
[EndTime "10:11:31 PDT"]
[Termination "David_Arutinian won on time"]

1. Nf3 Nf6 2. c4 g6 3. Nc3 Bg7 4. e4 O-O 5. d4 d6 6. Be2 e5 7. O-O Na6 8. Re1 Qe7 9. Bg5 c6 10. Bf1 h6 11. Bc1 Bg4 12. d5 c5 13. Be2 Nh7 14. g3 Rae8 15. Nh4 Bd7 16. Bd2 h5 17. a3 Bf6 18. Ng2 Bg5 19. b4 Bxd2 20. Qxd2 f5 21.
exf5 Bxf5 22. f4 exf4 23. gxf4 Qf6 24. Nb5 Be4 25. Bf1 g5 26. Qc3 Qg6 27. f5 Qxf5 28. Nxd6 Qf2+ 29. Kh1 Rf3 30. Qc1 1-0

[Event "Early-Titled-Tuesday-Blitz-April-16-2024"]
[Site "Chess.com"]
[Date "2024.04.16"]
[Round "11"]
[White "Burgsvik"]
[Black "GreenPeach24"]
[Result "0-1"]
[WhiteElo "2264"]
[BlackElo "2438"]
[TimeControl "180+1"]
[EndTime "10:11:31 PDT"]
[Termination "GreenPeach24 won by resignation"]

1. e4 c6 2. d4 d5 3. e5 c5 4. dxc5 e6 5. Bb5+ Bd7 6. Bxd7+ Nxd7 7. Be3 Nxe5 8. Qd4 Nc6 9. Qa4 Nf6 10. b4 Qd7 11.
Nf3 Be7 12. Nbd2 O-O 13. Rd1 Nd4 14. Qxd7 Nxc2+ 15. Ke2 Nxd7 16. a3 Nxe3 17. fxe3 a5 18. Rb1 b6 19. c6 Nf6 20. b5 Bxa3 21. Ne5 Bd6 22. Ndf3 Ne4 23. Rhc1 Bc7 24. g3 Rfd8 25. Nd3 f6 26. Nd4 Kf7 27. Nf4 Re8 28. Nd3 Rad8 29.
Rb2 e5 30. Nf5 g6 31. Nh4 d4 32. exd4 Rxd4 33. Nf3 Rd5 34. Ke3 Nd6 35. Nf2 Rd8 36. Ne4 Nxe4 37. Kxe4 Rd3 38. g4 Ke6 0-1

[Event "Early-Titled-Tuesday-Blitz-April-16-2024"]
[Site "Chess.com"]
[Date "2024.04.16"]
[Round "11"]
[White "Navyblue1"]
[Black "Laico"]
[Result "0-1"]
[WhiteElo "2250"]
[BlackElo "2398"]
[TimeControl "180+1"]
[EndTime "10:11:31 PDT"]
[Termination "Laico won by resignation"]

1. d4 e6 2. c4 f5 3. Nc3 b6 4. e4 fxe4 5. Nxe4 Nf6 6. Bd3 Bb7 7. Qe2 Bb4+ 8. Kf1 O-O 9. Nf3 Qe8 10. a3 Be7 11. h3 Qh5 12. Bd2 Nc6 13. Bc3 Rae8 14.
Kg1 Nxe4 15. Bxe4 Bf6 16. Qd3 d5 17. cxd5 exd5 18. Bf5 Bxd4 19. Nxd4 Nxd4 20. Qxd4 Rf6 21. Bg4 Qg5 22. Qa4 Rff8 23. Qb3 c5 24. Qc2 d4 25.
Be1 h5 26. Bd2 Qh4 27. g3 Qf6 28. Bf4 Qc6 29. Qb3+ c4 30. Bf3 Qxf3 31. Qxf3 Bxf3 32. Rh2 Rxf4 33. gxf4 d3 34. h4 d2 35. Rh3 Re1+ 0-1

[Event "Early-Titled-Tuesday-Blitz-April-16-2024"]
[Site "Chess.com"]
[Date "2024.04.16"]
[Round "11"]
[White "chess_blitz00"]
[Black "stepanosinovsky"]
[Result "1-0"]
[WhiteElo "2514"]
[BlackElo "2394"]
[TimeControl "180+1"]
[EndTime "10:11:32 PDT"]
[Termination "chess_blitz00 won by resignation"]

1. Nf3 Nf6 2. g3 g6 3. Bg2 Bg7 4.
O-O O-O 5. d3 d6 6. Nbd2 e5 7.
e4 Nbd7 8. c3 Kh8 9. Re1 Ne8 10.
Nc4 f5 11. d4 Qe7 12. exf5 gxf5 13. dxe5 dxe5 14. Bf4 e4 15. Nh4 Ne5 16. Bxe5 Bxe5 17. Qh5 Rf6 18. Nxe5 Qxe5 19. Rxe4 Ng7 20. Qxh7+ Kxh7 21. Rxe5 Bd7 22. Rae1 Rd6 23. Rd5 Rxd5 24. Bxd5 Rd8 25.
Re7 Kh6 26. Bxb7 Kg5 27. Rxg7+ Kf6 28. Rg6+ Ke7 29. Bf3 Rb8 30. b4 a5 31. a3 axb4 32.
axb4 c5 33. bxc5 Rb3 34. Rg7+ Kd8 35. Rxd7+ Kxd7 36. c6+ Ke6 37. Kg2 Rxc3 38. Ng6 Kf6 39. Nf4 Ke5 40. h4 Ra3 41. h5 Ra7 42. h6 Rh7 43.
Nd5 Kd6 44. c7 Kd7 45. Nf6+ Kxc7 46. Nxh7 1-0

[Event "Early-Titled-Tuesday-Blitz-April-16-2024"]
[Site "Chess.com"]
[Date "2024.04.16"]
[Round "11"]
[White "GatoRojo150"]
[Black "Ariadna_Atreides"]
[Result "1-0"]
[WhiteElo "2604"]
[BlackElo "2244"]
[TimeControl "180+1"]
[EndTime "10:11:33 PDT"]
[Termination "GatoRojo150 won on time"]

1. e4 c6 2. d4 d5 3. Nc3 dxe4 4. Nxe4 Nf6 5. Nxf6+ exf6 6. c3 Bd6 7. Bd3 O-O 8.
Qc2 h5 9. Ne2 Re8 10. O-O h4 11. Nf4 Nd7 12. Qd1 Bxf4 13. Bxf4 Nf8 14. Qh5 g5 15.
Bd2 h3 16. gxh3 Qd7 17. f4 Qxh3 18. Qxh3 Bxh3 19. Rf3 g4 20. Rg3 Ng6 21. Kf2 Nh4 22. Rag1 Kf8 23. Rxg4 Bxg4 24. Rxg4 Ng6 25. f5 Nh8 26.
Bf4 Rad8 27. Bc4 Ke7 28. Rg3 b5 29. Bb3 Rg8 30. Re3+ Kd7 31. a4 a6 32. Rh3 Rg4 33.
Kf3 Rg7 34. a5 Re8 35. Rh6 Ke7 36. Bg3 Rg5 37. Bc2 Reg8 38. Bh4 Rg1 39. Bxf6+ Kd7 40.
Rxh8 Rxh8 41. Bxh8 Rc1 42. Be4 Rf1+ 43. Ke2 Rg1 44.
Be5 1-0

[Event "Early-Titled-Tuesday-Blitz-April-16-2024"]
[Site "Chess.com"]
[Date "2024.04.16"]
[Round "11"]
[White "Evgeny81"]
[Black "Nitzan_Steinberg"]
[Result "0-1"]
[WhiteElo "2779"]
[BlackElo "2916"]
[TimeControl "180+1"]
[EndTime "10:11:34 PDT"]
[Termination "Nitzan_Steinberg won by resignation"]

1. Nf3 d5 2. c4 d4 3. g3 Nc6 4. Bg2 e5 5. d3 Nf6 6. O-O Be7 7.
Bg5 a5 8. Na3 O-O 9. Nb5 h6 10.
Bxf6 Bxf6 11. Nd2 Be7 12. a3 Na7 13. Nxa7 Rxa7 14. b3 c6 15. Qc2 Re8 16. Qb2 Qb6 17. Rab1 Bg4 18. Rfe1 Rea8 19. Nf3 Qc7 20. Rbc1 Bc5 21. Rc2 Qe7 22. Ra1 f5 23. h3 Bh5 24. Qc1 e4 25. Nh4 Rf8 26. b4 Bd6 27. c5 Be5 28. Nxf5 Rxf5 29. g4 Rxf2 30. Kxf2 Qh4+ 31.
Kg1 Qg3 32. gxh5 Ra8 33. e3 Rf8 0-1

[Event "Early-Titled-Tuesday-Blitz-April-16-2024"]
[Site "Chess.com"]
[Date "2024.04.16"]
[Round "11"]
[White "Sanyura"]
[Black "vovachesss"]
[Result "0-1"]
[WhiteElo "2608"]
[BlackElo "2763"]
[TimeControl "180+1"]
[EndTime "10:11:34 PDT"]
[Termination "vovachesss won on time"]

1. Nf3 d5 2. g3 Nd7 3. Bg2 e5 4. d3 Ngf6 5. O-O c6 6. e4 dxe4 7.
dxe4 Bc5 8. Qe2 O-O 9. a4 a5 10. Nbd2 Qe7 11. Nc4 b6 12. b3 Ba6 13. Bb2 Rfe8 14.
h3 h6 15. Rad1 Qe6 16. Rd2 Bb4 17. Rdd1 Bf8 18. Nh4 Nc5 19. Rfe1 Nxa4 20. Ba1 Nc5 21. Bf1 a4 22. Qe3 axb3 23. cxb3 Ncxe4 24. Qf3 Ng5 25. Qg2 e4 26. Nxb6 Bxf1 27. Rxf1 Ra2 28. Nc4 Nxh3+ 29. Kh1 Bc5 30. Bd4 Bxd4 31. Rxd4 Ng4 32. Nd2 e3 33. Re4 Nhxf2+ 0-1

[Event "Early-Titled-Tuesday-Blitz-April-16-2024"]
[Site "Chess.com"]
[Date "2024.04.16"]
[Round "11"]
[White "LuisFSiles"]
[Black "RantomOpening"]
[Result "1-0"]
[WhiteElo "2379"]
[BlackElo "2495"]
[TimeControl "180+1"]
[EndTime "10:11:34 PDT"]
[Termination "LuisFSiles won by resignation"]

1. e4 c5 2. Nf3 e6 3. c3 Nf6 4. e5 Nd5 5. Bc4 d6 6. d4 cxd4 7. cxd4 dxe5 8. dxe5 Be7 9. O-O O-O 10. Qe2 Bd7 11.
Rd1 Bc6 12. a3 Qc7 13. Nbd2 Nf4 14. Qe3 Ng6 15. b4 Bxf3 16. Qxf3 Nxe5 17. Qg3 Nbd7 18. Bb2 Rac8 19. Rac1 Qb8 20. Ne4 Bh4 21. Qxh4 Rxc4 22. Rxc4 Nxc4 23. Bxg7 Kxg7 24. Qg5+ Kh8 25. Rxd7 Qe5 26.
Qxe5+ Nxe5 27. Rxb7 Rd8 28. h3 Ra8 29. f4 Ng6 30.
Rxf7 Kg8 31. Rd7 Nxf4 32. Nf6+ Kf8 33. Nxh7+ Ke8 34. Nf6+ Kf8 35. h4 a5 36. b5 a4 37.
b6 Nd5 38. b7 Rb8 39. Rxd5 exd5 40. Nd7+ 1-0

[Event "Early-Titled-Tuesday-Blitz-April-16-2024"]
[Site "Chess.com"]
[Date "2024.04.16"]
[Round "11"]
[White "AlainBruxelles"]
[Black "Eloist"]
[Result "0-1"]
[WhiteElo "2344"]
[BlackElo "2475"]
[TimeControl "180+1"]
[EndTime "10:11:38 PDT"]
[Termination "Eloist won by resignation"]

1. e4 e6 2. d4 d5 3. Nc3 Nf6 4. e5 Nfd7 5. f4 c5 6. Nf3 Nc6 7. Be3 a6 8. Ne2 b5 9. c3 b4 10.
Qd2 bxc3 11. bxc3 Rb8 12. Ng3 cxd4 13. Nxd4 Nxd4 14. Bxd4 h5 15. f5 h4 16. fxe6 hxg3 17. exd7+ Qxd7 18. h3 Ba3 19. Bd3 Rb2 20. Qg5 O-O 21.
O-O Rxg2+ 22. Kxg2 Qxh3+ 23. Kf3 g2+ 24. Kf2 gxf1=Q+ 25. Bxf1 Qh2+ 26. Bg2 Qh6 27. Qxh6 gxh6 28. Bxd5 Be6 29.
Rg1+ Kh8 30. Be4 Rg8 31. Rh1 Kg7 32. Be3 Rh8 33. Rb1 Be7 34. Rb6 a5 35. Ra6 Bd8 36.
Bd4 h5 37. Kg3 h4+ 38. Kh2 h3 39. c4 Rh4 40. Bd5 Bxd5 41. cxd5 Rxd4 42. d6 Rd3 43. Ra8 Bg5 0-1

[Event "Early-Titled-Tuesday-Blitz-April-16-2024"]
[Site "Chess.com"]
[Date "2024.04.16"]
[Round "11"]
[White "sokidze"]
[Black "baki83"]
[Result "1-0"]
[WhiteElo "2823"]
[BlackElo "2902"]
[TimeControl "180+1"]
[EndTime "10:11:39 PDT"]
[Termination "sokidze won by resignation"]

1. d4 d5 2. c4 e6 3. Nf3 Nf6 4. g3 Be7 5. Bg2 O-O 6. O-O c6 7. Nc3 Nbd7 8. Qd3 b6 9. e4 Ba6 10. b3 dxc4 11. bxc4 e5 12. Ne2 exd4 13. Nexd4 Nc5 14.
Qc2 Nfxe4 15. Nxc6 Qc7 16. Nfd4 f5 17. Nxe7+ Qxe7 18. Bb2 Rae8 19. Rfe1 Qf7 20. Nb5 Rd8 21. Rad1 h6 22. a4 Bb7 23. f3 Ng5 24. Rf1 Qh5 25. Qc3 Nce6 26. Rxd8 Rxd8 27. h4 Nf7 28. Re1 f4 29.
Rxe6 Rd1+ 30. Kh2 fxg3+ 31. Kxg3 Ne5 32. Qxe5 Qxe5+ 33. Bxe5 1-0

[Event "Early-Titled-Tuesday-Blitz-April-16-2024"]
[Site "Chess.com"]
[Date "2024.04.16"]
[Round "11"]
[White "Viktoker"]
[Black "Nimrod_Veinberg"]
[Result "0-1"]
[WhiteElo "2490"]
[BlackElo "2719"]
[TimeControl "180+1"]
[EndTime "10:11:39 PDT"]
[Termination "Nimrod_Veinberg won by resignation"]

1. d4 Nf6 2. c4 e6 3. Nf3 d5 4. g3 Be7 5. Bg2 O-O 6. O-O dxc4 7. a4 Nc6 8. Na3 Bxa3 9. Rxa3 Rb8 10.
Bf4 a6 11. a5 Nd5 12. Bg5 f6 13. Bd2 b5 14. axb6 cxb6 15. e4 Nde7 16. Be3 b5 17.
Ra1 Kh8 18. b3 c3 19. Qd3 b4 20. Rfd1 f5 21. Ng5 h6 22. Nh3 a5 23. d5 Ne5 24. Qd4 Ng4 25. Bf4 e5 26. Bxe5 Nxe5 27. Qxe5 fxe4 28. Nf4 Bf5 29. d6 Ng6 30. Nxg6+ Bxg6 31. Bxe4 Re8 32. Qxa5 Qxa5 33. Rxa5 Bxe4 34. d7 Red8 35.
Re5 Bf3 36. Rd3 Bg4 37. Red5 Rb7 38. f3 Rbxd7 39. Rxd7 Rxd7 40. Rxd7 Bxd7 0-1

[Event "Early-Titled-Tuesday-Blitz-April-16-2024"]
[Site "Chess.com"]
[Date "2024.04.16"]
[Round "11"]
[White "Silvederione"]
[Black "Knightmare1014"]
[Result "1-0"]
[WhiteElo "2522"]
[BlackElo "2327"]
[TimeControl "180+1"]
[EndTime "10:11:42 PDT"]
[Termination "Silvederione won by checkmate"]

1. d4 d5 2. Nc3 Nf6 3. Bf4 a6 4. e3 c5 5. dxc5 Nc6 6. a3 e5 7. Bg5 d4 8. exd4 exd4 9. Ne4 Qe7 10. Bd3 Qe6 11. Bxf6 gxf6 12. Qe2 f5 13. Nd6+ Bxd6 14. cxd6 Kd7 15. O-O-O Qxe2 16. Nxe2 Kxd6 17. Bc4 Be6 18. Bxe6 fxe6 19. Nxd4 Nxd4 20. Rxd4+ Ke7 21. Rhd1 b5 22. Rd7+ Kf6 23. f4 h5 24. Rc7 Rhg8 25. Rdd7 Raf8 26. g3 h4 27. gxh4 Rg4 28. h5 Rxf4 29. h6 Rh4 30. h7 Rxh2 31. b4 f4 32. Rg7 Rh8 33. Kb2 f3 34. Rgf7+ Ke5 35. Rxf3 R8xh7 36. Rc6 Ra7 37.
Re3+ Kd5 38. Rexe6 a5 39. Rcd6+ Kc4 40. Re4# 1-0

[Event "Early-Titled-Tuesday-Blitz-April-16-2024"]
[Site "Chess.com"]
[Date "2024.04.16"]
[Round "11"]
[White "dosto07"]
[Black "Yushko_Olga"]
[Result "0-1"]
[WhiteElo "2501"]
[BlackElo "2299"]
[TimeControl "180+1"]
[EndTime "10:11:42 PDT"]
[Termination "Yushko_Olga won on time"]

1. e4 Nf6 2. e5 Nd5 3. d4 d6 4. Nf3 dxe5 5. Nxe5 g6 6. Bc4 Bg7 7. Nxf7 Kxf7 8. Qf3+ Ke8 9. Bxd5 Rf8 10. Qe4 Bf5 11.
Qf3 Bxc2 12. Qe2 Qxd5 13. Qxc2 Qxg2 14. Rf1 Bxd4 15. Nc3 Nc6 16. Bh6 Nb4 17. Qa4+ b5 18.
Qxb5+ c6 19. Qxb4 Bxf2+ 20. Rxf2 Qg1+ 21. Kd2 Rxf2+ 22. Ne2 Rd8+ 23. Kc3 Rf3+ 24. Kc4 Qxa1 25. Bg5 Rf7 26. Qb7 Qh1 27. Kb3 Qd5+ 28. Ka3 Rf3+ 29. Nc3 Qc5+ 30. Ka4 Rd4+ 31. b4 Rxc3 0-1

[Event "Early-Titled-Tuesday-Blitz-April-16-2024"]
[Site "Chess.com"]
[Date "2024.04.16"]
[Round "11"]
[White "the_chess_child"]
[Black "Msb2"]
[Result "1-0"]
[WhiteElo "2854"]
[BlackElo "3006"]
[TimeControl "180+1"]
[EndTime "10:11:43 PDT"]
[Termination "the_chess_child won by checkmate"]

1. e4 e6 2. d3 d5 3. Nd2 Nf6 4. Ngf3 Be7 5. g3 a5 6. Bg2 a4 7. a3 c5 8. O-O Nc6 9. Re1 h6 10. Qe2 O-O 11. e5 Nh7 12. Nf1 Ng5 13. h4 Nxf3+ 14.
Qxf3 f6 15. exf6 Bxf6 16. Qd1 Qd6 17. Ne3 Bd7 18. Ng4 e5 19. c4 d4 20. Be4 Na5 21. f4 Nb3 22. fxe5 Bxg4 23. Qxg4 Bxe5 24. Bxh6 Nxa1 25. Bd5+ Kh8 26. Bg5 g6 27. h5 Rf5 28.
Qh3 Kg7 29. hxg6 Qxg6 30. Bh6+ Kf6 31. Qh4+ Rg5 32. Bxg5+ Qxg5 33. Rf1+ Ke7 34. Qxg5+ Kd6 35. Qg6+ Kc7 36. Rf7+ Kb8 37. Rxb7+ Kc8 38. Qe8# 1-0

[Event "Early-Titled-Tuesday-Blitz-April-16-2024"]
[Site "Chess.com"]
[Date "2024.04.16"]
[Round "11"]
[White "ATM622"]
[Black "pfalcon1949"]
[Result "1-0"]
[WhiteElo "2428"]
[BlackElo "1957"]
[TimeControl "180+1"]
[EndTime "10:11:43 PDT"]
[Termination "ATM622 won on time"]

1. d4 Nf6 2. c4 c5 3. d5 b5 4. cxb5 a6 5. e3 g6 6. Nf3 Bg7 7. Nc3 O-O 8. a4 Bb7 9. Be2 axb5 10. Bxb5 e6 11. dxe6 fxe6 12. O-O Nd5 13. Ne4 Nb4 14. Nfd2 N8a6 15. f4 Rc8 16. Nd6 Rc7 17. N2c4 Bd5 18. e4 Bd4+ 19. Kh1 Ba8 20. Be3 Bg7 21. Qd2 Qh4 22. Rad1 Bc6 23. Qe2 Bxb5 24. axb5 Nb8 25. b6 Rc6 26. Na5 Rxb6 27. Bxc5 Rxd6 28. Bxd6 N8c6 29. Bxf8 Bxf8 30. Rxd7 Qh6 31. f5 gxf5 32. exf5 exf5 33. Qc4+ Kh8 34. Qf7 Bg7 35. Qe8+ Bf8 36.
Rf7 1-0

[Event "Early-Titled-Tuesday-Blitz-April-16-2024"]
[Site "Chess.com"]
[Date "2024.04.16"]
[Round "11"]
[White "mertfelin"]
[Black "MIss_MIaMI"]
[Result "1-0"]
[WhiteElo "2262"]
[BlackElo "2347"]
[TimeControl "180+1"]
[EndTime "10:11:43 PDT"]
[Termination "mertfelin won by resignation"]

1. e4 c5 2. Nf3 e6 3. d4 cxd4 4. Nxd4 a6 5. c4 Nf6 6. Nc3 Bb4 7. Bd3 Qc7 8. O-O O-O 9. Qe2 d6 10. Bd2 Bc5 11. Nf3 Nc6 12. Rac1 Ne5 13. Bb1 Ba7 14.
b3 Bd7 15. Be3 Bc6 16. Bxa7 Rxa7 17. Nd4 Bd7 18. h3 Qc5 19. Rfd1 Ng6 20. Qe3 Raa8 21.
Kh1 Rad8 22. Rd2 Nh5 23. Rcd1 Bc8 24. Nc2 Qc7 25. Qg5 Nf6 26. Ne3 h6 27. Qg3 Ne8 28. f4 Bd7 29. e5 dxe5 30. Bxg6 exf4 31. Qh2 fxg6 32. Ng4 Nf6 33. Nxf6+ gxf6 34. Ne4 f5 35.
Nd6 Bc6 36. Qxf4 Kg7 37. Nxf5+ exf5 38. Qxc7+ Bd7 39. Qxd8 Rxd8 40. Rxd7+ Rxd7 41. Rxd7+ Kf6 42. Rxb7 1-0

[Event "Early-Titled-Tuesday-Blitz-April-16-2024"]
[Site "Chess.com"]
[Date "2024.04.16"]
[Round "11"]
[White "IM_ArthurDW08"]
[Black "NovoselovRoman"]
[Result "0-1"]
[WhiteElo "2749"]
[BlackElo "2629"]
[TimeControl "180+1"]
[EndTime "10:11:45 PDT"]
[Termination "NovoselovRoman won on time"]

1. e4 c5 2. Nf3 d6 3. d4 cxd4 4. Nxd4 Nf6 5. Nc3 a6 6. h4 e5 7. Nb3 Be6 8. f4 exf4 9. Bxf4 Be7 10. Qd2 Nh5 11. Bg5 Ng3 12. Rg1 Bxg5 13. hxg5 Bxb3 14.
axb3 Qb6 15. O-O-O Nc6 16. Bc4 Ne5 17. Nd5 Qc5 18. Qf4 Nxc4 19. Qxg3 Ne5 20. Kb1 O-O-O 21. Rgf1 Kb8 22. b4 Qc4 23. Qe3 h6 24. g6 fxg6 25.
b3 Qc6 26. c4 Rhf8 27. Qd4 Rxf1 28. Rxf1 Qd7 29. Qb6 Rc8 30. Ka2 Qc6 0-1